 Dungeon Crawl Stone Soup version 0.22-a0-32-ga749362bc3 (webtiles) character file.

214 Kaname the Conjurer (level 5, 21/35 HPs)
             Began as a Demonspawn Wizard on Jan 3, 2018.
             Quit the game on level 3 of the Dungeon.
             The game lasted 00:04:19 (1699 turns).

Kaname the Conjurer (Demonspawn Wizard)             Turns: 1699, Time: 00:04:19

Health: 21/35      AC:  4    Str:  7    XL:     5   Next: 60%
Magic:  0/9        EV: 12    Int: 21    God:
Gold:   81         SH:  0    Dex: 11    Spells: 1/10 levels left

rFire    . . .     SeeInvis .   m - +5 hand axe (distort)
rCold    . . .     Gourm    .   (no shield)
rNeg     . . .     Faith    .   a - +0 robe
rPois    .         Spirit   .   n - +2 hat
rElec    .         Reflect  .   (no cloak)
rCorr    .         Harm     .   (no gloves)
MR       .....                  (no boots)
Stlth    ++........             (no amulet)
HPRegen  0.11/turn              (no ring)
MPRegen  0.11/turn              (no ring)

@: no status effects
A: horns 1, demonic guardian 1, spiny 1
a: no special abilities


You were on level 3 of the Dungeon.
You were hungry.

You visited 1 branch of the dungeon, and saw 3 of its levels.

You collected 81 gold pieces.

Inventory:

Hand Weapons
 g - a +4 dagger of flaming
 m - a +5 hand axe of distortion (weapon)
Missiles
 b - 4 curare-tipped needles
 e - 55 arrows
Armour
 a - a +0 robe (worn)
 n - a +2 hat (worn)
Scrolls
 f - 2 scrolls of remove curse {unknown}
 h - a scroll of teleportation {unknown}
 i - a scroll of noise {unknown}
 j - a scroll of amnesia {unknown}
 o - a scroll of magic mapping {unknown}
 q - a scroll of enchant weapon {unknown}
Potions
 c - a potion of agility {unknown}
 k - a potion of curing {unknown}
 l - a potion of heal wounds {unknown}
 p - a potion of experience {unknown}
 r - a potion of resistance {unknown}
Comestibles
 d - 2 rations


   Skills:
 - Level 1.7 Dodging
 - Level 1.7 Stealth
 - Level 3.0 Spellcasting
 + Level 5.4 Conjurations
   Level 1.0 Summonings
 - Level 1.0 Translocations
 - Level 1.0 Poison Magic


You had one spell level left.
You knew the following spells:

 Your Spells              Type           Power        Failure   Level  Hunger
a - Magic Dart            Conj           ####         1%          1    None
b - Blink                 Tloc           N/A          13%         2    ##.....
c - Mephitic Cloud        Conj/Pois/Air  ##......     16%         3    ###....
d - Conjure Flame         Conj/Fire      ##......     13%         3    ###....


Dungeon Overview and Level Annotations

Branches:
Dungeon (3/15)

Altars:


Innate Abilities, Weirdness & Mutations

You have a pair of small horns on your head.
A weak demonic guardian rushes to your aid.
You are partially covered in sharp spines.


Message History

Press: ? - help, Shift-Dir - straight line, f/p - Ykky's ghost
Aim: Ykky's ghost (almost destroyed)
Your demonic guardian avoids your attack.
The magic dart hits Ykky's ghost.
Ykky's ghost is almost destroyed.
You are feeling hungry.
Your shadow imp hits Ykky's ghost.
Ykky's ghost closely misses your shadow imp.
Ykky's ghost hits your quasit!
You swap places.
Ykky's ghost closely misses your quasit.
You swap places.
Ykky's ghost hits you!
You slash Ykky's ghost!
You destroy Ykky's ghost!
Your Conjurations skill gained 2 levels and is now at level 5!
You have reached level 5!
You feel monstrous as your demonic heritage exerts itself.
Your demonic ancestry asserts itself...
A pair of horns grows on your head!
Are you sure you want to abandon this character and quit the game? (Confirm with "yes".)

#.....# #....... .....#.
##...##.### #...l......###
#)##..# .....
########.##..####5#####.#
................@5......#
#..8.###.##.$######.###?..
#....##.##..# .#
#..8.##.##..# .#
+.....#)##..##### .#
#..8...)........<...
##.....#:##########.#
#..8.###........ .. ....##
#)#######


You could see a friendly quasit and a friendly shadow imp.

Vanquished Creatures
  The ghost of Ykky the Slasher, an amateur MiMo (D:3)
  An adder (D:2)
  2 worms
  A leopard gecko (D:3)
  7 bats
  2 giant cockroaches
  5 goblins
  9 hobgoblins
  3 quokkas (D:2)
  12 kobolds
  8 rats
51 creatures vanquished.

Notes
Turn   | Place    | Note
-------+----------+-------------------------------------------
     0 | D:1      | Kaname the Demonspawn Wizard began the quest for the Orb.
     0 | D:1      | Reached XP level 1. HP: 13/13 MP: 4/4
   149 | D:1      | Reached skill level 2 in Conjurations
   152 | D:1      | Gained mutation: A weak demonic guardian rushes to your aid. [demonic ancestry]
   152 | D:1      | Reached XP level 2. HP: 14/19 MP: 1/6
   175 | D:1      | Learned a level 2 spell: Blink
   189 | D:1      | Reached skill level 1 in Translocations
   467 | D:1      | Gained mutation: You are partially covered in sharp spines. [demonic ancestry]
   467 | D:1      | Reached XP level 3. HP: 17/24 MP: 4/7
   472 | D:1      | Learned a level 3 spell: Mephitic Cloud
   623 | D:2      | Reached skill level 3 in Conjurations
   750 | D:2      | Reached skill level 1 in Poison Magic
  1654 | D:3      | Reached XP level 4. HP: 22/30 MP: 8/8
  1663 | D:3      | Learned a level 3 spell: Conjure Flame
  1671 | D:3      | Noticed Ykky's ghost (amateur MiMo)
  1698 | D:3      | Killed Ykky's ghost
  1698 | D:3      | Reached skill level 5 in Conjurations
  1698 | D:3      | Gained mutation: You have a pair of small horns on your head. [demonic ancestry]
  1698 | D:3      | Reached XP level 5. HP: 21/35 MP: 0/9
  1699 | D:3      | Quit the game

Vault maps used:
D:1:      dpeg_arrival_pits, kennysheep_decorative_pillar, st_stairs_11
D:2:      wad_river_or_something, minivault_11
D:3:      zin_statuary, minitemple, first_ration

Skill      XL: |  1  2  3  4 |
---------------+-------------+-----
Conjurations   | 2 3 5 |  5.4
Translocations | 1 |  1.0
Poison Magic   | 1 |  1.0
Dodging        | |  1.7
Stealth        | |  1.7
Spellcasting   | |  3.0
Summonings     | |  1.0

Action                   |  1- 3 |  4- 6 || total
-------------------------+-------+-------++-------
Melee: Spear             |    29 |       ||    29
       Dagger            |    60 |       ||    60
       Hand axe          |     9 |     1 ||    10
 Cast: Magic Dart        |    45 |    10 ||    55
 Stab: Sleeping          |     2 |       ||     2
  Eat: Chunk             |     1 |     1 ||     2
Armor: Robe              |    16 |       ||    16
Dodge: Dodged            |    68 |       ||    68

Table legend:
 A = Spawn XP
 B = Non-spawn XP
 C = Spawn XP percentage of total XP
 D = Spawn monster count
 E = Non-spawn monster count
 F = Spawn count percentage of total count
 G = Total turns spent on level
                    A         B        C        D         E        F      G
               +---------+---------+-------+---------+---------+-------+---------
         Total |       0 |     307 |   0.0 |       0 |      51 |   0.0 |  1699
               +---------+---------+-------+---------+---------+-------+---------
           D:1 |       0 |      41 |   0.0 |       0 |      25 |   0.0 |   596
           D:2 |       0 |      46 |   0.0 |       0 |      21 |   0.0 |  1045
           D:3 |       0 |     220 |   0.0 |       0 |       5 |   0.0 |    58
               +---------+---------+-------+---------+---------+-------+---------
